 Dungeon Crawl Stone Soup version 0.19.0-2-gae57169 (webtiles) character file.

54768 Leibowitz the Unseen (level 15, -8/82 HPs)
             Began as a Kobold Gladiator on Nov 6, 2016.
             Was a Follower of Uskayaw.
             Mangled by SaintRoka's ghost (17 damage)
             ... on level 12 of the Dungeon.
             The game lasted 01:23:56 (21785 turns).

Leibowitz the Unseen (Kobold Gladiator)            Turns: 21785, Time: 01:23:57

Health: -8/82      AC: 13    Str: 15    XL:     15   Next: 15%
Magic:  19/19      EV: 27    Int:  9    God:    Uskayaw [*.....]
Gold:   1376       SH: 12    Dex: 27    Spells: 0 memorised, 14 levels left

rFire  + + .     SeeInvis .     K - +6 long sword "Obi Jaer" {flame, rC+++ Dex-2}
rCold  + + +     Gourm    .     P - +3 leather armour {rF+}
rNeg   + . .     Faith    .     z - +0 shield
rPois  +         Spirit   .     c - +0 helmet
rElec  .         Reflect  .     F - +1 cloak
rCorr  .         Harm     .     I - +0 pair of gloves
MR     +....                    (no boots)
Stlth  +++++++++.               S - macabre finger necklace {rN+}
                                o - +2 ring of slaying
                                J - ring "Fadasut" {rPois rF+ Dex+7}
                                N - ring of stealth

@: about to teleport
A: claws 1, yellow scales 1, camouflage 1, carnivore 3, frail 1, poison
resistance, strong 1, sturdy frame 1
a: Stomp, Renounce Religion


You were on level 12 of the Dungeon.
You worshipped Uskayaw.
Uskayaw was noncommittal.
You were very full.

You visited 6 branches of the dungeon, and saw 27 of its levels.

You collected 1376 gold pieces.

Inventory:

Hand Weapons
 a - a +3 short sword of venom
 b - a +0 blowgun
 p - a +0 rapier of flaming
 u - a +2 short sword of flaming
 K - the +6 long sword "Obi Jaer" (weapon) {flame, rC+++ Dex-2}
   (You found it on level 5 of the Lair of Beasts)

   It has been specially enchanted to burn those struck by it, causing extra
   injury to most foes and up to half again as much damage against particularly
   susceptible opponents.
   Big, fiery blades are also staple armaments of hydra-hunters.
   It affects your dexterity (-2).
   It renders you almost immune to cold.
Missiles
 d - 2 throwing nets (quivered)
 t - 90 poisoned needles
Armour
 c - a +0 helmet (worn)
 k - a +1 leather armour of positive energy
 z - a +0 shield (worn)
 F - a +1 cloak (worn)
 I - a +0 pair of gloves (worn)
 P - a +3 leather armour of fire resistance (worn)
Jewellery
 l - an uncursed ring of see invisible
 o - a +2 ring of slaying (right hand)
 B - a +4 amulet of reflection
 E - an uncursed amulet of rage
 J - the ring "Fadasut" (left hand) {rPois rF+ Dex+7}
   (You found it on level 7 of the Dungeon)

   [ring of protection from fire]

   It affects your dexterity (+7).
   It protects you from fire.
   It protects you from poison.
 L - an uncursed ring of ice
 N - a ring of stealth (on amulet)
 R - an uncursed ring of resist corrosion
 S - the macabre finger necklace (around neck) {rN+}
   (You found it on level 6 of the Lair of Beasts)

   [amulet of nothing]

   It protects you from negative energy.
 W - a cursed ring of loudness {unknown}
Wands
 s - a wand of disintegration (14/24)
 A - a wand of confusion (12/48)
 H - a wand of flame (23/48)
 M - a wand of flame (20/48)
 O - a wand of iceblast (8/15)
 V - a wand of digging (5/24)
Scrolls
 g - 2 scrolls of magic mapping
 h - 10 scrolls of teleportation
 v - 2 scrolls of enchant armour
 x - 5 scrolls of remove curse
 y - 7 scrolls of identify
 D - a scroll of fog
 G - 2 scrolls of brand weapon
 Q - a scroll of enchant weapon
 U - a scroll of recharging
Potions
 e - 3 potions of brilliance
 i - 3 potions of agility
 m - 2 potions of curing
 n - 3 potions of flight
 q - a potion of invisibility
 r - a potion of might
 C - 2 potions of cure mutation
 X - a potion of heal wounds
Books
 T - a book of Enchantments

   Spells                             Type                      Level
   a - Cause Fear                     Hexes                        4
   b - Yara's Violent Unravelling     Hexes/Transmutation          5
   c - Silence                        Hexes/Air                    5
   d - Deflect Missiles               Charms/Air                   6
   e - Discord                        Hexes                        8
Comestibles
 f - 16 meat rations
 j - 9 slices of pizza
 w - 6 beef jerkies


   Skills:
 + Level 10.2 Fighting
 + Level 14.4 Short Blades
 + Level 0.4(6.1) Long Blades
 + Level 3.1 Throwing
 + Level 5.0 Armour
 + Level 12.3 Dodging
 + Level 18.0 Stealth
 + Level 8.1 Shields
 - Level 5.7 Invocations
 + Level 1.3 Evocations


You had 14 spell levels left.
You didn't know any spells.

Dungeon Overview and Level Annotations

Branches:
Dungeon (12/15)            Temple (1/1) D:6            Lair (6/6) D:10
  Swamp (0/4) Lair:4       Spider (1/4) Lair:3        Slime (5/5) Lair:6
    Orc (2/2) D:9
    Elf: Orc:2

Altars:
Ashenzari
Dithmenos
Elyvilon
Fedhas
Hepliaklqana
Kikubaaqudgha
Nemelex Xobeh
Sif Muna
Trog
Uskayaw
Xom

Shops:
D:5 :   D:8 (

Annotations:
D:12 exclusion: 2 obsidian statues, SaintRoka's ghost, journeyman GrEn
Slime:4 Dissolution


Innate Abilities, Weirdness & Mutations

You are small and have problems with some larger weapons.
You are carnivorous and can eat meat at any time.
You have sharp fingernails.
You are partially covered in yellow scales. (AC +2)
Your skin changes colour to match your surroundings (Stealth+).
You are frail. (-10% HP)
Your system is resistant to poisons. (rPois)
Your muscles are strong. (Str +2)
Your movements are slightly less encumbered by armour. (ER -2)


Message History

SaintRoka's ghost points at you and mumbles some strange words.
You are confused.
Press: ? - help, v - describe, . - travel
Here: SaintRoka's ghost, wielding a weapon of electrocution The floor.
You feel better. SaintRoka's ghost barely misses you.
You slash SaintRoka's ghost! You burn SaintRoka's ghost.
SaintRoka's ghost is lightly damaged.
SaintRoka's ghost completely misses you.
You riposte.
You completely miss SaintRoka's ghost.
SaintRoka's ghost is lightly damaged.
You miss SaintRoka's ghost.
SaintRoka's ghost is lightly damaged.
SaintRoka's ghost hits you!
You are electrocuted!
* * * LOW HITPOINT WARNING * * *
As you read the scroll of teleportation, it crumbles to dust.
You feel strangely unstable. SaintRoka's ghost hits you!
* * * LOW HITPOINT WARNING * * *
You are electrocuted!
You die...

########## #.....#
.........###### #...#
########......###..###
#.................
###.##.............=
#.......#.#########.
#.#.#####.#########.
#.#.# #...........
#.#@# ############
#.W..# ....>...#
###.....#.# .......#.#
......#.. . ...#... ..
. #.##.## ##. ..


You could see SaintRoka's ghost.

Vanquished Creatures
  6 hydras
  A catoblepas (Lair:6)
  8 death yaks (Lair:6)
  A deep troll shaman (Lair:6)
  Urug (Orc:1)
  A hill giant (D:11)
  An orb spider (Spider:1)
  Pikel (D:6)
  An orc sorcerer (Orc:1)
  2 ugly things (D:11)
  8 elephants
  4 black mambas
  A torpor snail (Lair:4)
  20 spiny frogs
  An eye of devastation (Slime:3)
  A gargoyle (D:11)
  2 rime drakes
  6 komodo dragons
  A kobold demonologist (D:10)
  A demonic crawler (Spider:1)
  3 jumping spiders (Spider:1)
  3 polar bears
  4 two-headed ogres
  3 hornets
  A meliai zombie (D:10)
  6 dream sheep
  7 hippogriffs
  6 blink frogs
  7 redbacks (Spider:1)
  A tarantella (Spider:1)
  A wraith (D:11)
  2 wyverns
  37 yaks
  2 golden eyes (Slime:2)
  A basilisk (Lair:1)
  2 steam dragons
  8 swamp worms
  16 water moccasins
  5 porcupines
  A swamp drake (Lair:4)
  7 black bears
  8 orc warriors
  A sky beast (D:10)
  An ice beast (D:11)
  A phantom (D:7)
  A slave (D:6)
  20 wolves
  A necrophage (D:7)
  6 ogres
  12 centaurs
  19 crocodiles
  18 big kobolds (D:10)
  16 bullfrogs
  A wyvern zombie (D:11)
  2 scorpions
  A water moccasin skeleton (D:7)
  4 wights (D:6)
  6 howler monkeys
  An electric eel (Lair:5)
  6 crimson imps
  2 centaur zombies
  2 bullfrog zombies
  5 hounds
  8 orc wizards
  3 jellies
  6 orc priests
  A bullfrog skeleton (D:10)
  2 iguanas
  4 hell rats (Lair:5)
  6 worker ants
  A hound zombie (D:7)
  A hound skeleton (D:4)
  11 gnolls
  2 howler monkey skeletons
  12 adders
  A river rat (D:10)
  3 shadow imps
  3 oozes
  2 adder skeletons (D:4)
  15 worms
  3 dart slugs
  7 leopard geckos
  47 orcs
  A ball python (D:5)
  3 giant cockroaches
  5 hobgoblins
  7 jackals
  2 quokkas
  A ball python skeleton (D:4)
  10 bats
  7 frilled lizards
  4 goblins
  A jackal zombie (D:6)
  15 kobolds
  A leopard gecko skeleton (D:5)
  6 rats
  2 plants
528 creatures vanquished.

Vanquished Creatures (others)
  A water moccasin (Lair:6)
  A crimson imp (D:6)
  An orc priest (D:6)
  An orc wizard (D:6)
  An iguana (D:6)
  A worker ant (D:6)
  A leopard gecko (D:6)
  2 orcs (D:6)
  A frilled lizard (Lair:4)
  5 fungi
  7 plants (Lair:6)
22 creatures vanquished.

Grand Total: 550 creatures vanquished

Notes
Turn   | Place    | Note
-------+----------+-------------------------------------------
     0 | D:1      | Leibowitz the Kobold Gladiator began the quest for the Orb.
     0 | D:1      | Reached XP level 1. HP: 12/12 MP: 1/1
   114 | D:1      | Reached XP level 2. HP: 17/18 MP: 2/2
   496 | D:1      | Reached XP level 3. HP: 15/22 MP: 3/3
   932 | D:2      | Found a deep blue altar of Sif Muna.
   953 | D:2      | Reached skill level 5 in Short Blades
   953 | D:2      | Reached XP level 4. HP: 27/27 MP: 4/4
  1081 | D:2      | Reached XP level 5. HP: 25/32 MP: 5/5
  1119 | D:2      | Found a blossoming altar of Fedhas.
  1704 | D:3      | Reached skill level 1 in Stealth
  2014 | D:3      | Noticed a centaur
  2019 | D:3      | Killed a centaur
  2019 | D:3      | Reached skill level 1 in Armour
  2019 | D:3      | Reached XP level 6. HP: 28/37 MP: 6/6
  2610 | D:4      | Noticed an orc warrior
  2630 | D:4      | Killed an orc warrior
  2630 | D:4      | Reached skill level 2 in Stealth
  2630 | D:4      | Reached XP level 7. HP: 23/42 MP: 7/7
  3151 | D:4      | Found a shattered altar of Ashenzari.
  3409 | D:4      | Found a shimmering altar of Xom.
  3411 | D:4      | Found a hazy altar of Hepliaklqana.
  3411 | D:4      | Found a blossoming altar of Fedhas.
  3413 | D:4      | Found a hazy altar of Hepliaklqana.
  3413 | D:4      | Found a white marble altar of Elyvilon.
  3413 | D:4      | Found a shimmering altar of Xom.
  3570 | D:5      | Entered Level 5 of the Dungeon
  3669 | D:5      | Found Ypeuw's Book Boutique.
  3713 | D:5      | Reached skill level 3 in Stealth
  3806 | D:5      | You fall through a shaft for 2 floors!
  3860 | D:5      | Reached skill level 5 in Dodging
  3940 | D:5      | Found a faded altar of an unknown god.
  3940 | D:5      | Found a faded altar of an unknown god.
  3945 | D:5      | Found a faded altar of an unknown god.
  3947 | D:5      | Found a faded altar of an unknown god.
  3949 | D:5      | Found a bloodstained altar of Trog.
  4140 | D:6      | Noticed a hand axe
  4140 | D:6      | Noticed a hand axe
  4176 | D:6      | Noticed Pikel
  4191 | D:6      | Reached skill level 4 in Stealth
  4191 | D:6      | Reached XP level 8. HP: 28/48 MP: 8/8
  4224 | D:6      | Found a hide-covered altar of Uskayaw.
  4447 | D:6      | Killed Pikel
  4447 | D:6      | Reached skill level 5 in Stealth
  4447 | D:6      | Reached XP level 9. HP: 25/53 MP: 9/9
  4707 | D:6      | Became a worshipper of Uskayaw the Reveler
  4746 | D:6      | Found a staircase to the Ecumenical Temple.
  4754 | Temple   | Entered the Ecumenical Temple
  4848 | D:6      | Reached * piety under Uskayaw
  4950 | D:6      | Reached skill level 6 in Stealth
  5181 | D:7      | You fall through a shaft for 3 floors!
  5181 | D:10     | Entered Level 10 of the Dungeon
  5209 | D:10     | Noticed a hornet
  5218 | D:10     | Reached ** piety under Uskayaw
  5221 | D:10     | Reached skill level 5 in Fighting
  5247 | D:10     | Paralysed by a hornet for 2 turns
  5250 | D:10     | Killed a hornet
  5250 | D:10     | Reached skill level 10 in Short Blades
  5250 | D:10     | Reached skill level 7 in Stealth
  5402 | D:10     | Noticed a hornet
  5411 | D:10     | Killed a hornet
  5422 | D:9      | Found an ancient bone altar of Kikubaaqudgha.
  5458 | D:10     | Noticed a kobold demonologist
  5478 | D:10     | Reached *** piety under Uskayaw
  5479 | D:10     | Killed a kobold demonologist
  5480 | D:10     | Reached **** piety under Uskayaw
  5505 | D:10     | Reached ***** piety under Uskayaw
  5511 | D:10     | Reached skill level 8 in Stealth
  5522 | D:10     | Reached ****** piety under Uskayaw
  5526 | D:10     | Reached XP level 10. HP: 47/60 MP: 10/10
  5600 | D:10     | Reached skill level 9 in Stealth
  6121 | D:9      | Found a staircase to the Orcish Mines.
  6141 | Orc:1    | Entered Level 1 of the Orcish Mines
  6217 | Orc:2    | Entered Level 2 of the Orcish Mines
  6506 | Orc:1    | Noticed Urug
  6510 | Orc:1    | Noticed an orc sorcerer
  6518 | Orc:1    | Killed Urug
  6526 | Orc:1    | Killed an orc sorcerer
  6526 | Orc:1    | Reached skill level 10 in Stealth
  6680 | Orc:1    | Reached XP level 11. HP: 22/67 MP: 11/11
  6902 | Orc:1    | Gained mutation: You have sharp fingernails. [potion of mutation]
  6902 | Orc:1    | Gained mutation: You are frail. (-10% HP) [potion of mutation]
  6902 | Orc:1    | Gained mutation: Your skin changes colour to match your surroundings (Stealth+). [potion of mutation]
  6906 | Orc:1    | Gained mutation: Your muscles are strong. (Str +2) [potion of beneficial mutation]
  8028 | D:8      | Found a hazy altar of Hepliaklqana.
  8348 | D:8      | Found Epoyw's Antique Weapon Shop.
  8761 | D:7      | Reached skill level 11 in Stealth
  8932 | D:7      | Found a white marble altar of Elyvilon.
  8978 | D:7      | Got a faintly glowing jade ring
  8980 | D:7      | Identified the ring "Fadasut" {rPois rF+ Dex+7} (You found it on level 7 of the Dungeon)
  9076 | D:7      | Found a sparkling altar of Nemelex Xobeh.
  9139 | D:7      | Gained mutation: You are partially covered in yellow scales. (AC +2) [potion of beneficial mutation]
  9762 | D:10     | Reached skill level 12 in Stealth
  9869 | D:10     | Found a staircase to the Lair.
  9931 | D:10     | Reached skill level 1 in Shields
  9931 | D:10     | Reached skill level 1 in Evocations
  9990 | Lair:1   | Entered Level 1 of the Lair of Beasts
 10257 | Lair:1   | Noticed a six-headed hydra
 10271 | Lair:1   | HP: 1/91 [six-headed hydra (10)]
 10274 | Lair:1   | Killed a six-headed hydra
 10624 | Lair:1   | Reached XP level 12. HP: 65/65 MP: 13/13
 10793 | Lair:1   | Reached skill level 13 in Stealth
 11384 | Lair:1   | Reached skill level 1 in Invocations
 11846 | Lair:2   | Got a shimmering ring mail
 11857 | Lair:2   | Identified the cursed +0 ring mail of Curiosity {rPois Int+3} (You found it on level 2 of the Lair of Beasts)
 12987 | Lair:3   | Reached skill level 14 in Stealth
 13436 | Lair:3   | Found a hole to the Spider Nest.
 13457 | Lair:3   | Reached skill level 10 in Dodging
 13529 | Lair:4   | Reached XP level 13. HP: 69/72 MP: 14/16
 13536 | Lair:4   | Found a staircase to the Swamp.
 14126 | Lair:4   | Reached skill level 5 in Shields
 14577 | Lair:4   | Reached skill level 5 in Invocations
 14893 | Lair:5   | Got a dazzling long sword
 14894 | Lair:5   | Identified the +6 long sword "Obi Jaer" {flame, rC+++ Dex-2} (You found it on level 5 of the Lair of Beasts)
 15198 | Lair:5   | Reached skill level 15 in Stealth
 15942 | Lair:5   | Noticed a six-headed hydra
 15955 | Lair:5   | Killed a one-headed hydra
 16133 | Lair:6   | Entered Level 6 of the Lair of Beasts
 16503 | Lair:6   | Noticed a four-headed hydra
 16521 | Lair:6   | Killed a four-headed hydra
 16521 | Lair:6   | Reached skill level 16 in Stealth
 16521 | Lair:6   | Reached XP level 14. HP: 77/77 MP: 18/18
 17227 | Lair:6   | Found a staircase to the Slime Pits.
 17303 | Slime:1  | Entered Level 1 of the Pits of Slime
 17333 | Slime:4  | Noticed Dissolution
 17333 | Slime:4  | Noticed an acid blob
 17336 | Slime:5  | Entered Level 5 of the Pits of Slime
 17544 | Slime:2  | Noticed an azure jelly
 17562 | Lair:6   | Gained mutation: Your system is resistant to poisons. (rPois) [potion of beneficial mutation]
 17563 | Lair:6   | Gained mutation: Your movements are slightly less encumbered by armour. (ER -2) [potion of beneficial mutation]
 18272 | Lair:6   | Reached skill level 17 in Stealth
 18281 | Lair:6   | Reached skill level 5 in Armour
 18502 | Lair:6   | Reached skill level 10 in Fighting
 19673 | Spider:1 | Entered Level 1 of the Spider Nest
 20415 | D:10     | Reached XP level 15. HP: 78/82 MP: 19/19
 20811 | D:11     | Reached skill level 18 in Stealth
 21770 | D:12     | Noticed SaintRoka's ghost (journeyman GrEn)
 21785 | D:12     | Mangled by SaintRoka's ghost

Skill      XL: |  1  2  3  4  5  6  7  8  9 10 11 12 13 14 15 |
---------------+----------------------------------------------+-----
Dodging        | 4 5 7 8 9 10 12 | 12.3
Short Blades   | 5 6 7 9 10 12 13 14 | 14.4
Fighting       | 3 4 5 7 8 9 10 | 10.2
Stealth        | 1 2 4 5 8 10 12 14 16 17 18 | 18.0
Armour         | 1 2 3 4 5 |  5.0
Throwing       | 3 |  3.1
Shields        | 2 4 6 7 8 |  8.1
Evocations     | 1 |  1.3
Invocations    | 4 5 |  5.7
Long Blades    | |  0.4

Action                   |  1- 3 |  4- 6 |  7- 9 | 10-12 | 13-15 || total
-------------------------+-------+-------+-------+-------+-------++-------
Melee: Rapier            |    89 |    66 |       |       |       ||   155
       Short sword       |       |    71 |   259 |   767 |   929 ||  2026
       Long sword        |       |       |       |       |    17 ||    17
Throw: Throwing net      |     3 |     1 |     2 |       |     1 ||     7
Invok: Stomp             |       |       |       |    33 |    10 ||    43
Evoke: Wand              |       |       |     3 |     2 |     1 ||     6
  Use: Potion            |       |       |       |    13 |     9 ||    22
       Scroll            |       |       |       |    16 |     4 ||    20
 Stab: Held in net/web   |     1 |     1 |     2 |       |     1 ||     5
       Sleeping          |       |     5 |     9 |    42 |    56 ||   112
       Paralysed         |       |       |     1 |    18 |    44 ||    63
       Invisible         |       |       |       |     1 |     9 ||    10
       Distracted        |       |       |       |     4 |     3 ||     7
       Petrified         |       |       |       |       |     2 ||     2
  Eat: Chunk             |     9 |     5 |     8 |    32 |    27 ||    81
Armor: Leather armour    |    18 |    13 |    23 |    64 |    87 ||   205
Dodge: Dodged            |    62 |    70 |   127 |   374 |   500 ||  1133
Block: Other             |       |       |    13 |    33 |       ||    46
       Reflection        |       |       |       |     6 |       ||     6
       Shield            |       |       |       |   270 |   529 ||   799
       Rpst.: Long sword |       |       |       |       |     4 ||     4
